 Dungeon Crawl Stone Soup version 0.23.1 (webtiles) character file.

Game seed: 2719558493572404745

25 Borgoz the Grasshopper (level 3, 0/30 HPs)
             Began as a Ghoul Warper on Mar 6, 2019.
             Slain by an orc wizard
             ... wielding a +0 dagger
              (3 damage)
             ... on level 2 of the Dungeon.
             The game lasted 00:01:33 (1281 turns).

Borgoz the Grasshopper (Ghoul Warper)               Turns: 1281, Time: 00:01:33

Health: 0/30       AC:  3    Str: 14    XL:     3   Next: 4%
Magic:  4/4        EV: 14    Int: 10    God:
Gold:   56         SH:  0    Dex:  9    Spells: 3/5 levels left

rFire    . . .     SeeInvis .     - Unarmed
rCold    + . .     Gourm    .   (no shield)
rNeg     + + +     Faith    .   a - +0 leather armour
rPois    ∞         Spirit   .   (no helmet)
rElec    .         Reflect  .   (no cloak)
rCorr    .         Harm     .   (no gloves)
MR       .....                  (no boots)
Stlth    +.........             (no amulet)
HPRegen  0.00/turn              b - +2 ring of intelligence
MPRegen  0.09/turn              k - +2 ring of evasion

@: rotting
A: rotting body, claws 1, carnivore, cold resistance 1, negative energy
resistance 3, inhibited regeneration, torment resistance, unbreathing
a: no special abilities


You were on level 2 of the Dungeon.
You were not hungry.

You visited 1 branch of the dungeon, and saw 2 of its levels.

You collected 56 gold pieces.

Inventory:

Missiles
 d - 5 tomahawks of dispersal (quivered)
 l - 5 poisoned needles
Armour
 a - a +0 leather armour (worn)
Jewellery
 b - a +2 ring of intelligence (left claw)
 j - an uncursed ring of ice
 k - a +2 ring of evasion (right claw)
Scrolls
 c - a scroll of blinking
 g - 2 scrolls of identify {unknown}
 i - a scroll of immolation {unknown}
Potions
 h - a potion of heal wounds
Comestibles
 f - 2 rations
 m - 2 chunks of flesh


   Skills:
 + Level 2.6 Fighting
 - Level 0.8 Throwing
 + Level 1.4 Armour
 + Level 2.1 Dodging
 + Level 2.6 Unarmed Combat
 - Level 1.7 Spellcasting
 - Level 2.6 Translocations


You had 3 spell levels left.
You knew the following spells:

 Your Spells              Type           Power        Failure   Level  Hunger
a - Blink                 Tloc           N/A          21%         2    ###....

Your spell library contained the following spells:

 Spells                   Type           Power        Failure   Level  Hunger
 Shroud of Golubria       Chrm/Tloc      #.........   34%         2    ###....
 Gell's Gravitas          Tloc           #.........   36%         3    ####...
 Lesser Beckoning         Tloc           #.........   36%         3    ####...
 Teleport Other           Tloc           #.......     36%         3    ####...
 Passage of Golubria      Tloc           N/A          78%         4    #####..


Dungeon Overview and Level Annotations

Branches:
Dungeon (2/15)

Altars:


Innate Abilities, Weirdness & Mutations

Your body is rotting away.
You thrive on raw meat.
You are immune to poison.
You have sharp fingernails.
You are carnivorous and can eat meat at any time.
Your flesh is cold resistant. (rC+)
You are immune to negative energy. (rN+++)
You do not regenerate when monsters are visible.
You are immune to unholy pain and torment.
You can survive without breathing.


Message History

It was a potion of heal wounds.
You feel much better. The orc hits you with a +0 war axe. Something hits you.
You barely miss something. Something hits you.
The orc hits you but does no damage. Something barely misses you.
You closely miss something. Something hits you but does no damage.
The orc closely misses you.
You closely miss something.
You hear some strange, mumbled words.
A magic dart appears from out of thin air!
The magic dart hits you. The orc hits you but does no damage.
Something hits you.
You completely miss something. Something hits you but does no damage.
The orc barely misses you.
You closely miss something. Something hits you.
* * * LOW HITPOINT WARNING * * *
You barely miss something. Something hits you but does no damage.
The orc hits you with a +0 war axe.
* * * LOW HITPOINT WARNING * * *
You miss something. Something hits you.
You die...

###.###.#####.##.#
###.#...>..........#
#............#####.....
#.#.#.###.#..# ..####
#...#........# #.#
#####...÷....# #.#
#.#......# #.#
#>###....# #.......@#
......#..{o..#
.?....##.##......
...... ... ...###
.!....##### #.# ......
... .... ..# ..


You could see an orc.

Vanquished Creatures
  An adder (D:2)
  2 worms (D:2)
  An orc (D:2)
  A giant cockroach (D:2)
  A hobgoblin (D:1)
  2 bats (D:2)
  2 kobolds
  2 rats
12 creatures vanquished.

Notes
Turn   | Place    | Note
-------+----------+-------------------------------------------
     0 | D:1      | Borgoz the Ghoul Warper began the quest for the Orb.
     0 | D:1      | Reached XP level 1. HP: 17/17 MP: 2/2
   195 | D:1      | Reached skill level 1 in Armour
   762 | D:2      | Reached XP level 2. HP: 12/24 MP: 3/3
   772 | D:2      | Learned a level 2 spell: Blink
  1267 | D:2      | Reached XP level 3. HP: 12/30 MP: 4/4
  1281 | D:2      | Slain by an orc wizard

Skill      XL: |  1  2 |
---------------+-------+-----
Armour         | 1 |  1.4
Dodging        | 2 |  2.1
Fighting       | |  2.6
Throwing       | |  0.8
Unarmed Combat | |  2.6
Spellcasting   | |  1.7
Translocations | |  2.6

Action                   || total
-------------------------++-------
Melee: Unarmed           ||    66
  Use: Potion            ||     2
  Eat: Chunk             ||     6
Armor: Leather armour    ||    16
Dodge: Dodged            ||    33
